 Dungeon Crawl Stone Soup version 0.32-a0-928-g1cae6b7ea0 (webtiles) character file.

Game seed: 13245409783847366560

1845 Maxmaps the Martial Artist (level 9, -3/72 (84) HPs)
             Began as an Octopode Monk on Apr 12, 2024.
             Killed by divine providence
             ... invoked by Jeremiah
              (11 damage)
             ... on level 6 of the Dungeon.
             The game lasted 00:04:53 (5244 turns).

Maxmaps the Martial Artist (Octopode Monk)          Turns: 5244, Time: 00:04:54

HP:   -3/72 (84)    AC:  1    Str: 10    XL:     9   Next: 12%
MP:   9/9           EV: 18    Int: 17    God:
Gold: 87            SH:  0    Dex: 14    Spells: 8/8 levels left

rFire   . .          .
                       - Unarmed
rCold   . . .        (no shield)
rNeg    + . .        (helmet restricted)
rPois   .            (no amulet)
rElec   .            e - +5 ring of evasion
rCorr   .            n - ring of positive energy
SInv    .            (no ring)
Will    .....        (no ring) Stlth
                     (no ring)
HPRegen 0.32/turn    (no ring)
MPRegen 0.11/turn    (no ring)
                     (no ring)

%: no passive effects
@: berserking, heavily drained, very quick
A: almost no armour, amphibious, 8 rings, camouflage 1, gelatinous body 1,
(nimble swimmer 1), tentacles
a: no special abilities


You were on level 6 of the Dungeon.
You visited 1 branch of the dungeon, and saw 6 of its levels.

You collected 291 gold pieces.
You spent 204 gold pieces at shops.

Inventory:

Armour
 b - an orb of light
Jewellery
 e - a +5 ring of evasion (left tentacle)
 n - a ring of positive energy (right tentacle)
 u - the ring "Urice" {Fire Str+6}
   (You found it on level 4 of the Dungeon)

   [ring of fire]

   Fire:      It enhances your fire magic.
   Str+6:     It affects your strength (+6).
   rF+:       It protects you from fire.
   rC-:       It makes you vulnerable to cold.
 y - an amulet of the acrobat
Wands
 g - a wand of quicksilver (13)
 k - a wand of flame (23)
 l - a wand of digging (4)
 t - a wand of charming (3)
 w - a wand of iceblast (16)
Scrolls
 c - 2 scrolls of brand weapon
 d - a scroll of blinking
 i - 3 scrolls of identify
 m - a scroll of torment
 o - 2 scrolls of amnesia
 q - 2 scrolls of teleportation
 A - a scroll of vulnerability
Potions
 a - a potion of ambrosia
 h - 3 potions of lignification
 j - 2 potions of might
 p - a potion of brilliance {unknown}
 r - 2 potions of attraction
 s - a potion of mutation {unknown}
 v - a potion of magic {unknown}
 x - a potion of haste
 z - a potion of degeneration {unknown}


   Skills:
 - Level 3.0 Fighting
 - Level 3.0 Dodging
 - Level 6.0 Stealth
 + Level 11.1 Unarmed Combat


You had 8 spell levels left.
You didn't know any spells.
Your spell library contained the following spells:

 Spells                   Type           Power      Damage    Failure   Level
 Summon Ice Beast         Ice/Summ       0%         N/A       56%         3
 Leda's Liquefaction      Alch/Erth      0%         N/A       93%         4
 Petrify                  Alch/Erth      0%         N/A       93%         4
 Metabolic Englaciation   Hex/Ice        0%         N/A       100%        5
 Summon Mana Viper        Hex/Summ       0%         N/A       100%        5
 Monstrous Menagerie      Summ           0%         N/A       100%        7


Dungeon Overview and Level Annotations

Branches:
Dungeon (6/15)
 Temple: D:4-7

Altars:
Elyvilon
Nemelex Xobeh

Shops:
D:6 !(

Annotations:
D:6 Jeremiah, Maggie


Innate Abilities, Weirdness & Mutations

You cannot wear most types of armour.
You are amphibious.
You can wear up to eight rings at the same time.
Your skin changes colour to match your surroundings (Stealth+).
Your rubbery body absorbs attacks. (AC +1, EV +1)
((You are camouflaged when in or above water. (Stealth+)))
You have tentacles for arms and can constrict up to eight enemies at once.


Message History

You constrict Jeremiah. Jeremiah blinks free of you.
Jeremiah hops free!
Jeremiah throws their arms up pleadingly.
Something smites you!
Jeremiah hits you from afar with a +2 trident of draining!
You partially resist.
You feel drained.
You bludgeon the butterfly!
You kill the butterfly!
The butterfly disappears in a burst of colours!
Jeremiah completely misses you.
You bludgeon the butterfly!
You kill the butterfly!
The butterfly disappears in a burst of colours!
You tentacle-slap the butterfly.
You kill the butterfly!
The butterfly disappears in a burst of colours! x3
Jeremiah mumbles a slurred invocation.
Something smites you!
You closely miss the butterfly. Your grab misses the butterfly.
You feel your willpower return.
The butterfly disappears in a burst of colours! x2
Jeremiah hits you from afar with a +2 trident of draining.
You partially resist.
You feel drained.
You closely miss the butterfly. Your grab misses the butterfly.
Jeremiah hits you from afar with a +2 trident of draining.
* * * LOW HITPOINT WARNING * * *
You partially resist.
You feel drained.
* * * LOW HITPOINT WARNING * * *
You miss the butterfly. Your grab misses the butterfly.
The butterfly disappears in a burst of colours!
You barely miss the butterfly. Your grab misses the butterfly.
Jeremiah hits you from afar with a +2 trident of draining!
* * * LOW HITPOINT WARNING * * *
You partially resist.
You feel drained.
A red film seems to cover your vision as you go berserk!
You feel yourself moving faster!
You feel mighty!
The butterfly disappears in a burst of colours!
Jeremiah lets out a twisted cry.
Something smites you!
You die...
Jeremiah wails, "I didn't mean to kill anyone!
I'm not a murderer!"

##.## ### #.# ..# #.# #.#
##'## #.# ##...## #.#
##.....## ##.#
##.......######.b#####
#.....>...##.b.b.....#
+........bb.Fb@.bb##.#
#.........##b#bb.###.###
##.......###.##...##...##
##.....## #.####.##.#..##
##...## #.# #######..#
##+# #.# ......##.# #..
.....#F# ### ♣...#.#
#..#.#


You could see Jeremiah.

Vanquished Creatures
  Pikel (D:4)
  Prince Ribbit (D:6)
  A yak (D:5)
  An orc warrior (D:6)
  A black bear (D:5)
  2 ogres (D:4)
  A phantom (D:4)
  A lemure (D:3)
  A bullfrog (D:6)
  A scorpion (D:5)
  A howler monkey (D:5)
  A jelly (D:6)
  Crazy Yiuf (D:3)
  2 sleepcaps
  4 iguanas
  2 orc wizards (D:6)
  8 adders
  A dart slug (D:4)
  2 ribbon worms
  6 orcs
  10 ball pythons
  8 endoplasms
  5 giant cockroaches
  12 goblins
  8 hobgoblins
  2 jackals (D:1)
  9 kobolds
  3 quokkas
  4 bats
  3 frilled lizards
  8 rats
111 creatures vanquished.

Notes
Turn   | Place    | Note
-------+----------+-------------------------------------------
     0 | D:1      | Maxmaps the Octopode Monk began the quest for the Orb.
     0 | D:1      | Reached XP level 1. HP: 16/16 MP: 1/1
    38 | D:1      | Reached skill level 1 in Stealth
    70 | D:1      | Reached XP level 2. HP: 5/21 MP: 2/2
   521 | D:1      | Reached XP level 3. HP: 26/26 MP: 3/3
  1844 | D:3      | Reached skill level 5 in Stealth
  1844 | D:3      | Reached XP level 4. HP: 27/31 MP: 4/4
  2308 | D:3      | Found a runed translucent door.
  2309 | D:3      | Noticed Crazy Yiuf
  2615 | D:3      | Killed Crazy Yiuf
  2616 | D:3      | Reached XP level 5. HP: 22/36 MP: 3/5
  2724 | D:4      | Noticed Pikel
  2724 | D:4      | Noticed a lemure
  2724 | D:4      | Noticed a lemure
  2728 | D:4      | Noticed a lemure
  2731 | D:4      | Noticed a lemure
  2765 | D:3      | Killed a lemure
  2891 | D:4      | Noticed an ogre
  2900 | D:4      | Killed an ogre
  2901 | D:4      | Reached skill level 4 in Unarmed Combat
  2915 | D:4      | Reached XP level 6. HP: 33/42 MP: 6/6
  3005 | D:4      | Found a white marble altar of Elyvilon.
  3020 | D:4      | Reached skill level 5 in Unarmed Combat
  3073 | D:4      | Identified the ring "Urice" {Fire Str+6}
  3203 | D:4      | Reached skill level 6 in Unarmed Combat
  3287 | D:4      | Killed Pikel
  3288 | D:4      | Reached skill level 8 in Unarmed Combat
  3288 | D:4      | Reached XP level 7. HP: 46/46 MP: 7/7
  3288 | D:4      | Reached XP level 8. HP: 52/52 MP: 8/8
  3301 | D:5      | Entered Level 5 of the Dungeon
  3544 | D:5      | Found a sparkling altar of Nemelex Xobeh.
  3793 | D:5      | Noticed a yak
  3809 | D:5      | Killed a yak
  3810 | D:5      | Reached skill level 9 in Unarmed Combat
  4189 | D:6      | Noticed Prince Ribbit
  4195 | D:6      | Killed Prince Ribbit
  4196 | D:6      | Reached skill level 10 in Unarmed Combat
  4319 | D:6      | Found Xuryen's Distillery.
  4327 | D:6      | Bought a potion of lignification for 36 gold pieces
  4327 | D:6      | Bought a potion of might for 48 gold pieces
  4327 | D:6      | Bought a potion of haste for 120 gold pieces
  4356 | D:6      | Reached XP level 9. HP: 45/56 MP: 9/9
  4569 | D:6      | Reached skill level 11 in Unarmed Combat
  5074 | D:6      | Found Ofenetat's Weapon Shop.
  5198 | D:6      | Noticed Jeremiah
  5199 | D:6      | Noticed Maggie
  5244 | D:6      | Killed from afar by Jeremiah

Illustrated notes

Levels and vault maps discovered:
D:1:      spicycebolla_arrival_ecumenical, layout_basic,
          kennysheep_small_spiral, minmay_misc_feat_four_crosses, st_stairs_9
D:2:      layout_rooms
D:3:      layout_basic, uniq_crazy_yiuf_cottage
D:4:      layout_gridville, general_overflow_altar, uniq_pikel
D:5:      kennysheep_big_flooded_room, layout_basic,
          mainiacjoe_overflow_cross_hatched, serial_rivers,
          chequers_serial_rivers_micro_e, chequers_serial_rivers_micro_d,
          chequers_serial_rivers_small_b, chequers_serial_rivers_micro_d
D:6:      layout_loops_corners, serial_shops, shop, shop,
          kennysheep_another_room, uniq_prince_ribbit1, uniq_jeremiah,
          uniq_maggie

Skill      XL: |  1  2  3  4  5  6  7  8  9 |
---------------+----------------------------+-----
Stealth        | 2 3 5 6 |  6.0
Unarmed Combat | 4 8 10 11 | 11.1
Fighting       | |  3.0
Dodging        | |  3.0

Action                     |  1- 3 |  4- 6 |  7- 9 || total
---------------------------+-------+-------+-------++-------
  Melee: Unarmed           |    70 |   101 |    80 ||   251
         Tentacles         |    15 |    20 |    20 ||    55
         Constrict         |    19 |    19 |    20 ||    58
         Punch             |     1 |     3 |     6 ||    10
    Use: Scroll            |       |     4 |     8 ||    12
         Potion            |       |       |     1 ||     1
   Stab: Sleeping          |    18 |     9 |     5 ||    32
         Distracted        |       |     1 |       ||     1
 Armour: Skin              |    12 |    27 |    31 ||    70
  Dodge: Dodged            |    32 |    72 |    41 ||   145

Table legend: (Time is in decaauts)
 A = Elapsed time spent in this place.
 B = Non-inter-level travel time spent in this place.
 C = Inter-level travel time spent in this place.
 D = Time resting spent in this place.
 E = Time spent auto-exploring this place.
 F = Levels seen in this place.
 G = Mean time per level.
                   A        B        C        D        E       F      G
               +--------+--------+--------+--------+--------+-----+--------+
         Total |   5214 |   5043 |    171 |    558 |   3670 |   6 |  869.0 |
       Dungeon |   5214 |   5043 |    171 |    558 |   3670 |   6 |  869.0 |
               +--------+--------+--------+--------+--------+-----+--------+

Top non-repeatable levels by time:
     D:1: 1220 daAuts
     D:3: 1090 daAuts
     D:6: 1075 daAuts
     D:5: 849 daAuts
     D:4: 494 daAuts
     D:2: 483 daAuts
